 Dungeon Crawl Stone Soup version 0.28-a0-1545-g945cd3f27e (webtiles) character file.

Game seed: 16249244071639197752

16 BritishOli the Sneak (level 2, 0/24 HPs)
             Began as a Demonspawn Delver on Jan 18, 2022.
             Slain by a goblin (2 damage)
             ... led by Robin
             ... on level 5 of the Dungeon.
             The game lasted 00:01:02 (928 turns).

BritishOli the Sneak (Demonspawn Delver)             Turns: 928, Time: 00:01:02

Health: 0/24       AC:  3    Str: 12    XL:     2   Next: 41%
Magic:  2/2        EV: 12    Int: 11    God:
Gold:   10         SH:  0    Dex: 14    Spells: 1/1 levels left

rFire   . . .      SeeInvis .   a - +0 falchion
rCold   . . .      Faith    .   (no shield)
rNeg    . . .      Spirit   .   b - +0 leather armour
rPois   .          Reflect  .   (no helmet)
rElec   .          Harm     .   (no cloak)
rCorr   .          Rampage  .   (no gloves)
Will    .....                   (no boots)
Stlth   +++.......              (no amulet)
HPRegen 0.08/turn               (no ring)
MPRegen 0.08/turn               (no ring)

@: no status effects
A: demonic touch 1
a: no special abilities


You were on level 5 of the Dungeon.
You visited 1 branch of the dungeon, and saw 2 of its levels.

You collected 10 gold pieces.

Inventory:

Hand Weapons
 a - a +0 falchion (weapon)
Armour
 b - a +0 leather armour (worn)
Wands
 g - a wand of digging (3)
Scrolls
 c - a scroll of fog
 d - a scroll of magic mapping
 e - a scroll of fear
 h - a scroll of immolation {unknown}
 i - a scroll of identify {unknown}
Potions
 f - a potion of haste


   Skills:
 + Level 3.2 Fighting
 + Level 2.0 Long Blades
 + Level 2.1 Dodging
 + Level 4.7 Stealth


You had one spell level left.
You didn't know any spells.
Your spell library was empty.

Dungeon Overview and Level Annotations

Branches:
Dungeon (5/15)
 Temple: D:4-7

Altars:

Annotations:
D:4 Robin


Innate Abilities, Weirdness & Mutations

Your touch may inflict minor irresistible damage on your foes.


Message History

There is a stone staircase leading down here.
The goblin hits you with a +0 dagger. The goblin closely misses you.
The goblin hits you but does no damage.
You climb downwards.
There is a stone staircase leading up here.
You closely miss the goblin. Your touch misses the goblin.
The goblin hits you with a +0 club. The goblin barely misses you.
The goblin hits you but does no damage. The goblin closely misses you.
You barely miss the goblin. Your touch misses the goblin.
The goblin hits you with a +0 dagger. The goblin hits you but does no damage.
The goblin barely misses you. The goblin hits you with a +0 dagger.
The goblin hits you with a +0 club. The goblin hits you but does no damage.
The goblin barely misses you. The goblin closely misses you.
Unknown command.
You are too injured to fight recklessly!
You are too injured to fight recklessly!
Unknown command.
You are too injured to fight recklessly!
Unknown command.
You are too injured to fight recklessly!
Unknown command.
The goblin hits you with a +0 dagger. x2
The goblin hits you with a +0 dagger.
You barely miss the goblin. The goblin closely misses you.
You barely miss the goblin. Your touch misses the goblin.
The goblin hits you but does no damage. The goblin hits you with a +0 dagger.
* * * LOW HITPOINT WARNING * * *
The goblin barely misses you. The goblin hits you but does no damage.
You slash the goblin!
You kill the goblin!
The goblin hits you with a +0 club.
* * * LOW HITPOINT WARNING * * *
You closely miss the goblin. The goblin hits you with a +0 club.
* * * LOW HITPOINT WARNING * * *
The goblin closely misses you.
You hit the goblin.
The goblin is moderately wounded.
The goblin hits you but does no damage. The goblin hits you with a +0 dagger.
You die...

#......## ##......#
##.......##
##....##
#.........# ##...#
#.........## #...#
#..........##
##..##
#.>.........###...#
#..........###....#
##........####...##
#......@g###....#
#.....##gg##....#
#....####.......#
##### #...##
##.....#####)<..
#####
#..............
##..........###
#..######### ####


You could see 3 goblins.

Vanquished Creatures
  An adder skeleton (D:4)
  An orc (D:4)
  3 ball pythons (D:4)
  3 goblins
  A hobgoblin (D:4)
  A quokka (D:5)
10 creatures vanquished.

Notes
Turn   | Place    | Note
-------+----------+-------------------------------------------
     0 | D:5      | BritishOli the Demonspawn Delver began the quest for the
                  | Orb.
     0 | D:5      | Reached XP level 1. HP: 18/18 MP: 1/1
   545 | D:4      | Noticed a howler monkey
   587 | D:4      | Gained mutation: Your touch may inflict minor irresistible
                  | damage on your foes. [demonic ancestry]
   587 | D:4      | Reached XP level 2. HP: 24/24 MP: 2/2
   609 | D:4      | Noticed Robin
   928 | D:5      | Slain by a goblin

Illustrated notes

Levels and vault maps discovered:
D:4:      layout_layer_cave, mainiacjoe_overflow_chevrons, serial_shops,
          nicolae_inconvenience_store, uniq_crazy_yiuf_cottage, uniq_ijyb,
          uniq_robin
D:5:      layout_cave_pods, hangedman_decor_peaks_small,
          minmay_increasing_density

Skill      XL: |  1 |
---------------+----+-----
Long Blades    | 2 |  2.0
Dodging        | 2 |  2.1
Fighting       | |  3.2
Stealth        | |  4.7

Action                   || total
-------------------------++-------
Melee: Falchion          ||    31
       Touch             ||     2
 Stab: Sleeping          ||     3
Armor: Leather armour    ||    20
Dodge: Dodged            ||    40

Table legend: (Time is in decaauts)
 A = Elapsed time spent in this place.
 B = Non-inter-level travel time spent in this place.
 C = Inter-level travel time spent in this place.
 D = Time resting spent in this place.
 E = Time spent auto-exploring this place.
 F = Levels seen in this place.
 G = Mean time per level.
                   A        B        C        D        E       F      G
               +--------+--------+--------+--------+--------+-----+--------+
         Total |    936 |    928 |      8 |    614 |    176 |   2 |  468.0 |
       Dungeon |    936 |    928 |      8 |    614 |    176 |   2 |  468.0 |
               +--------+--------+--------+--------+--------+-----+--------+

Top non-repeatable levels by time:
     D:5: 626 daAuts
     D:4: 310 daAuts
